 Dungeon Crawl Stone Soup version 0.31-a0-182-gc5ef74bbde (webtiles) character file.

Game seed: 4566463444816904861

41 qw the Chopper (level 3, -2/23 HPs)
             Began as a Gargoyle Fighter on June 20, 2023.
             Frozen to death by an endoplasm (5 damage)
             ... on level 2 of the Dungeon.
             The game lasted 00:00:20 (776 turns).

qw the Chopper (Gargoyle Fighter)                    Turns: 776, Time: 00:00:21

Health: -2/23      AC: 10    Str: 21    XL:     3   Next: 52%
Magic:  3/3        EV:  9    Int:  8    God:
Gold:   14         SH:  4    Dex:  9    Spells: 2/2 levels left

rFire   . . .        Y - +0 war axe
rCold   . . .        c - +0 buckler
rNeg    + . .        b - +0 scale mail
rPois   inf          (no helmet)
rElec   +            (no cloak)
rCorr   .            (no gloves)
SInv    .            (no boots)
Will    .....        (no amulet) Stlth
                     (no ring)
HPRegen 0.23/turn    (no ring)
MPRegen 0.08/turn

%: no passive effects
@: no status effects
A: sickness immunity, AC +3, negative energy resistance 1, electricity
resistance, torment resistance 1, petrification resistance
a: no special abilities


You were on level 2 of the Dungeon.
You visited 1 branch of the dungeon, and saw 2 of its levels.

You collected 14 gold pieces.


Innate Abilities, Weirdness & Mutations

You are immune to sickness and miasma.
Your stone body is resilient. (AC +3)
You are immune to poison.
You resist negative energy. (rN+)
You are resistant to electric shocks. (rElec)
You are resistant to unholy torment.
You are immune to petrification.


   Skills:
 - Level 3.2 Fighting
 + Level 3.4 Axes
 - Level 3.2 Armour
 - Level 3.2 Shields


You had 2 spell levels left.
You didn't know any spells.
Your spell library was empty.

Inventory:

Hand Weapons
 g - a +0 whip
 Y - a +0 war axe (weapon)
Missiles
 e - 6 boomerangs
Armour
 b - a +0 scale mail (worn)
 c - a +0 buckler (worn)
Potions
 a - a potion of brilliance {unknown}
 d - a potion of might
 f - a potion of lignification

Dungeon Overview and Level Annotations

Branches:
Dungeon (2/15)

Altars:

Shops:
D:1 [?*


Message History

You hit the worm.
The worm is lightly wounded.
You slash the worm!
The worm is heavily wounded.
The worm bites you but does no damage.
You slash the worm!
You kill the worm!
You now have 14 gold pieces (gained 2).
a - a dark potion
e - 6 boomerangs
Found a stone staircase leading down. 2 gnolls come into view.
Found a stone staircase leading up.
The gnoll shouts!
You hear a shout!
A gnoll comes into view.
It is wielding a +2 whip of electrocution.
An endoplasm comes into view.
The gnoll moves out of view.
The endoplasm quivers.
A goblin and a kobold come into view.
The gnoll shouts!
The goblin shouts!
The gnoll hits you with a +0 halberd.
You hit the gnoll.
The gnoll is lightly wounded.
The gnoll hits you with a +0 halberd.
You hit the gnoll.
The gnoll is heavily wounded.
The gnoll hits you from afar with a +0 halberd.
The gnoll barely misses you.
You slash the gnoll!
You kill the gnoll!
You hit the kobold.
The gnoll hits you from afar with a +0 halberd.
The kobold hits you but does no damage. The kobold barely misses you.
The gnoll hits you from afar with a +0 halberd.
You hit the kobold.
You kill the kobold!
You hit the endoplasm. The endoplasm freezes you.
You are frozen.
You die...

#.### . #...#
##. ###.# #..
#.###.# #...#.#
###.#.# #.#.#
#...#####
###@....#
#...g)Jg....#
#.....g......#
...............
..............<
.........>.....
..............#
..............#


You could see 2 gnolls, an endoplasm and a goblin.

Vanquished Creatures
  2 gnolls
  A worm (D:2)
  A dart slug (D:1)
  3 endoplasms (D:1)
  2 giant cockroaches (D:1)
  3 goblins (D:1)
  4 kobolds
  A ball python (D:1)
  2 rats (D:1)
19 creatures vanquished.

Notes
Turn   | Place    | Note
-------+----------+-------------------------------------------
     0 | D:1      | qw the Gargoyle Fighter began the quest for the Orb.
     0 | D:1      | Reached XP level 1. HP: 14/14 MP: 1/1
     0 | D:1      | 0 ||| qw: Version: 0.3-a-9-g12657ce
     0 | D:1      | 0 ||| qw: Game counter: 1392
     0 | D:1      | 0 ||| qw: Always use a shield: true
     0 | D:1      | 0 ||| qw: God list: Okawaru
     0 | D:1      | 0 ||| qw: Allow faded altars: false
     0 | D:1      | 0 ||| qw: Do Orc after D:15 true
     0 | D:1      | 0 ||| qw: Do second Lair branch before Depths: true
     0 | D:1      | 0 ||| qw: Lair rune preference: random
     0 | D:1      | 0 ||| qw: Plans: Normal, Zot:1-4, Slime:5, God:TSO, Crypt,
                  | Tomb, Abyss, Pan, Hells, Win
     0 | D:1      | 0 ||| PLANNING D:1-11
    85 | D:1      | Reached XP level 2. HP: 19/19 MP: 2/2
    92 | D:1      | 92 ||| DROPPING +0 club.
   216 | D:1      | Found Moeviof's Armour Shop.
   217 | D:1      | 217 ||| Stepping ~*~*~tactically~*~*~ (hiding).
   326 | D:1      | 326 ||| SHOPLISTING +0 helmet (54 gold, have 5).
   326 | D:1      | 326 ||| SHOPLISTING +0 plate armour (276 gold, have 5).
   326 | D:1      | 326 ||| SHOPLISTING +1 plate armour of cold resistance (420
                  | gold, have 5).
   326 | D:1      | 326 ||| SHOPLISTING +1 plate armour of poison resistance
                  | (384 gold, have 5).
   326 | D:1      | 326 ||| SHOPLISTING +2 robe of fire resistance (212 gold,
                  | have 5).
   455 | D:1      | Reached skill level 3 in Axes
   492 | D:1      | Found Esiado's Magic Scroll Boutique.
   497 | D:1      | 497 ||| SHOPLISTING scroll of acquirement (728 gold, have
                  | 12).
   497 | D:1      | 497 ||| SHOPLISTING scroll of enchant armour (105 gold,
                  | have 12).
   497 | D:1      | 497 ||| SHOPLISTING scroll of identify (28 gold, have 12).
   497 | D:1      | 497 ||| SHOPLISTING scroll of teleportation (42 gold, have
                  | 12).
   507 | D:1      | 507 ||| Stepping ~*~*~tactically~*~*~ (stealth).
   512 | D:1      | Reached XP level 3. HP: 21/23 MP: 3/3
   519 | D:1      | 519 ||| FLEEEEING.
   550 | D:1      | Found Komas's General Store.
   557 | D:1      | 557 ||| SHOPLISTING +1 leather armour of fire resistance
                  | (196 gold, have 12).
   557 | D:1      | 557 ||| SHOPLISTING potion of curing (42 gold, have 12).
   557 | D:1      | 557 ||| SHOPLISTING ring of protection from fire (350 gold,
                  | have 12).
   557 | D:1      | 557 ||| SHOPLISTING scroll of enchant armour (105 gold,
                  | have 12).
   654 | D:1      | 654 ||| READING scroll labelled XUEMUU SOTE.
   655 | D:1      | 655 ||| READING scroll labelled WEUWE OKAX.
   670 | D:1      | 670 ||| DRINKING 2 orange potions.
   775 | D:2      | HP: 2/23 [gnoll/+0 halberd (5)]
   776 | D:2      | Frozen to death by an endoplasm

Levels and vault maps discovered:
D:1:      dpeg_arrival_pits, layout_loops_cross, serial_shops,
          nicolae_shop_stone, nicolae_shop_tiny_real_fake_doors,
          nicolae_diamond_shop
D:2:      layout_rooms, minmay_misc_feat_roman

Skill      XL: |  1  2 |
---------------+-------+-----
Axes           | 2 3 |  3.4
Fighting       | |  3.2
Armour         | |  3.2
Shields        | |  3.2

Action                     || total
---------------------------++-------
  Melee: War axe           ||    48
    Use: Scroll            ||     2
         Potion            ||     1
 Armour: Scale mail        ||    18
  Dodge: Dodged            ||    12
  Block: Buckler           ||     4

Table legend:
 A = Non-vault XP
 B = Vault XP
 C = Vault XP percentage of total XP
 D = Non-vault monster count
 E = Vault monster count
 F = Vault count percentage of total count
                 A         B        C        D         E       F
            +---------+---------+-------+---------+---------+-------
      Total |      61 |       0 |   0.0 |      19 |       0 |   0.0
            +---------+---------+-------+---------+---------+-------
        D:1 |      39 |       0 |   0.0 |      15 |       0 |   0.0
        D:2 |      22 |       0 |   0.0 |       4 |       0 |   0.0
            +---------+---------+-------+---------+---------+-------
